AoeStats
← Majesty

Black Forest

507100926Analyzed
4v4 RM · 17d ago on Sep 16, 2026· 43m 31s· 8 players
Game mode
Random Map
Map size
Large (8 player)
Population
200
Speed
Normal
Resources
Standard
Victory
Conquest
Starting age
Dark Age
Ending age
Imperial Age
RankedLock teamsTeams togetherTeam positionsShared explorationLock speedFull tech treeHidden civsTurbo modeCheats
Victory
Defeat
🇫🇷 Bulgarians · France
1425
+15
🇨🇱 Gurjaras · Chile
1386
+16
🇪🇸 Inca · Spain
1376
+17
🇩🇪 Goths · Germany
1359
+17
🇹🇷 Huns · Türkiye
1422
-17
🇫🇷 Malay · France
1400
-17
🇹🇷 Koreans · Türkiye
1385
-16
🇹🇷 Poles · Türkiye
1365
-15
Cakalavcisi
11:53 Feudal Age
15:38 Castle Age
13:37 Double-Bit Axe
14:48 Horse Collar
17:43 Bow Saw
22:57 Loom
25:44 Heavy Plow
26:16 Fletching
26:26 Padded Archer Armor
26:44 Forging
28:28 Scale Barding Armor
31:14 Husbandry
32:12 Bloodlines
32:56 Wheelbarrow
31:44 Light Cavalry
35:24 Imperial Age
33:32 Gold Mining
35:15 Iron Casting
36:45 Chain Barding Armor
37:51 Hand Cart
39:47 Cavalier
42:13 Blast Furnace
Jambonbeurre
10:25 Feudal Age
10:11 Double-Bit Axe
9:55 Man-at-Arms
23:15 Castle Age
21:09 Gold Mining
21:02 Horse Collar
25:15 Wheelbarrow
28:16 Stone Mining
29:07 Loom
30:07 Gold Shaft Mining
30:39 Hand Cart
33:00 Imperial Age
31:15 Forging
30:41 Pikeman
32:55 Iron Casting
32:05 Halberdier
32:25 Capped Ram
33:29 Heavy Plow
33:38 Arson
34:01 Long Swordsman
35:44 Blast Furnace
35:43 Conscription
Majesty
0:38 Loom
15:11 Feudal Age
17:00 Fletching
25:53 Castle Age
26:34 Bodkin Arrow
DarkPaladin
4:46 Loom
11:51 Feudal Age
16:22 Castle Age
15:41 Horse Collar
15:49 Double-Bit Axe
34:47 Bow Saw
34:43 Heavy Plow
35:20 Wheelbarrow
36:48 Bloodlines
36:39 Husbandry
37:53 Szlachta Privileges
45:54 Imperial Age
rencud
4:52 Loom
11:10 Feudal Age
14:54 Castle Age
12:48 Double-Bit Axe
12:46 Horse Collar
26:23 Wheelbarrow
25:53 Heavy Plow
27:50 Gold Mining
31:08 Imperial Age
28:59 Hand Cart
28:54 Stone Mining
29:43 Gold Shaft Mining
29:48 Fletching
30:43 Bodkin Arrow
31:29 Scale Mail Armor
31:45 Kshatriyas
32:29 Stone Shaft Mining
33:32 Frontier Guards
33:33 Conscription
34:06 Bloodlines
33:57 Husbandry
34:26 Bracer
34:27 Padded Archer Armor
35:41 Elite Elephant Archer
36:08 Light Cavalry
37:42 Thumb Ring
37:58 Leather Archer Armor
38:13 Scale Barding Armor
38:19 Forging
38:13 Hussar
41:02 Caravan
41:33 Coinage
42:16 Chain Barding Armor
42:31 Iron Casting
42:34 Heavy Camel Rider
44:13 Ballistics
44:53 Chemistry
44:36 Plate Barding Armor
Bydonn1256
0:57 Loom
12:04 Feudal Age
16:12 Castle Age
14:24 Double-Bit Axe
14:27 Horse Collar
15:49 Gold Mining
15:49 Champi Runner
16:24 Arson
16:52 Forging
16:43 Scale Mail Armor
17:12 Bow Saw
16:46 Champi Warrior
21:50 Wheelbarrow
21:55 Arson
22:41 Squires
24:06 Chain Mail Armor
25:53 Iron Casting
31:31 Town Watch
37:26 Imperial Age
34:52 Treadmill Crane
35:12 Fletching
36:26 Pikeman
39:09 Bodkin Arrow
39:37 Halberdier
41:38 Chemistry
41:21 Bracer
43:08 Elite Champi Warrior
Rocgash
0:39 Loom
13:25 Feudal Age
17:03 Castle Age
15:11 Double-Bit Axe
15:37 Stone Mining
16:47 Fletching
19:14 Bodkin Arrow
23:09 Forging
23:05 Scale Barding Armor
29:18 Iron Casting
31:41 Imperial Age
30:57 Bloodlines
31:31 Iron Casting
36:05 Blast Furnace
39:27 Bracer
42:03 Ballistics
42:45 Conscription
43:28 Chemistry
43:55 Siege Engineers
[VYRE] fango
0:56 Loom
11:11 Feudal Age
14:21 Fletching
23:50 Double-Bit Axe
25:34 Wheelbarrow
30:25 Castle Age
28:50 Scale Mail Armor
30:54 Forging
31:44 Caravan
31:43 Horse Collar
32:15 Bow Saw
32:33 Squires
35:24 Heavy Plow
40:50 Imperial Age
38:44 Hand Cart
39:07 Anarchy
39:58 Chain Mail Armor
41:52 Gold Mining
42:48 Conscription
43:27 Iron Casting
43:04 Elite Huskarl
Connection lost

Rejoining the realm…

Still unreachable

The connection could not be restored.

Session expired

The server has moved on; the page needs a fresh start.